 Dungeon Crawl Stone Soup version 0.28.0-49-g6dfe1f597d (webtiles) character file.

Game seed: 5656476108444873865

95 nickcage the Conjurer (level 4, -5/33 HPs)
             Began as a Draconian Conjurer on May 19, 2022.
             Was a Plaything of Xom.
             Killed by nerve-wracking pain
             ... invoked by Grinder
              (8 damage)
             ... on level 3 of the Dungeon.
             The game lasted 00:06:19 (2769 turns).

nickcage the Conjurer (Draconian Conjurer)          Turns: 2769, Time: 00:06:21

Health: -5/33      AC:  0    Str: 10    XL:     4   Next: 39%
Magic:  5/7        EV: 18    Int: 20    God:    Xom [....*.]
Gold:   134        SH:  0    Dex: 14    Spells: 5/8 levels left

rFire   . . .      SeeInvis .   (weapon currently unavailable)
rCold   . . .      Faith    .   (shield currently unavailable)
rNeg    . . .      Spirit   .   (armour unavailable)
rPois   .          Reflect  .   (helmet currently unavailable)
rElec   .          Harm     .   (cloak currently unavailable)
rCorr   .          Rampage  .   (gloves currently unavailable)
Will    .....                   (boots currently unavailable)
Stlth   ++........              (no amulet)
HPRegen 0.11/turn               (ring currently unavailable)
MPRegen 0.10/turn               (ring currently unavailable)

@: bat-form (expiring), flying, very quick
A: fast, flying, no casting, AC +5, tiny, unfitting armour, (cold-blooded)
a: Renounce Religion


You were on level 3 of the Dungeon.
You worshipped Xom.
You were a beloved toy of Xom.
You were a bat.
You visited 1 branch of the dungeon, and saw 3 of its levels.

You collected 134 gold pieces.

Inventory:

Hand Weapons
 d - a +2 whip of freezing (melded)
 f - a +2 dagger of draining
Wands
 m - a wand of polymorph (6)
Scrolls
 a - a scroll of fog {unknown}
 c - a scroll of blinking {unknown}
 e - a scroll of noise {unknown}
 h - a scroll of identify {unknown}
 j - a scroll of fear {unknown}
 l - a scroll of holy word {unknown}
Potions
 b - 2 potions of flight {unknown}
 g - 2 potions of might {unknown}
 i - 2 potions of ambrosia {unknown}
 k - a potion of degeneration {unknown}


   Skills:
 - Level 1.7 Dodging
 - Level 1.7 Stealth
 + Level 2.5 Spellcasting
 + Level 5.6 Conjurations


You had 5 spell levels left.
You knew the following spells:

 Your Spells              Type           Power      Damage    Failure   Level
a - Magic Dart            Conj           100%       1d8       1%          1
b - Searing Ray           Conj           50%        2d6       2%          2

Your spell library contained the following spells:

 Spells                   Type           Power      Damage    Failure   Level
 Dazzling Flash           Conj/Hex       26%        N/A       14%         3
 Fulminant Prism          Conj/Hex       6%         3d7       43%         4
 Iskenderun's Mystic Bla  Conj/Tloc      13%        2d5       43%         4


Dungeon Overview and Level Annotations

Branches:
Dungeon (3/15)

Altars:
Xom

Shops:
D:1 =   D:3 :

Annotations:
D:3 Grinder


Innate Abilities, Weirdness & Mutations

You are a bat.
You are tiny and dextrous.
You move quickly.
You are flying.
Your equipment is almost entirely melded.
You are incapable of wielding weapons or throwing items.
You cannot cast spells.
((Your plain brown scales are hard. (AC +5)))
You cannot fit into any form of body armour.
((You are cold-blooded and may be slowed by cold attacks.))


Message History

Pain shoots through your body!
* * * LOW HITPOINT WARNING * * *
You hit Grinder but do no damage.
Grinder is severely wounded.
Grinder says, "Are you a fish?"
Grinder blinks!
Your crimson imp closely misses Grinder.
Your crimson imp hits Grinder.
There is an entrance to Monir's Book Shoppe here.
Grinder barely misses your crimson imp.
Your crimson imp misses Grinder.
Your crimson imp hits Grinder.
Grinder zaps a wand.
Your crimson imp evaporates and reforms as a ynoxinul!
The now-empty wand crumbles to dust.
Your crimson imp barely misses Grinder.
Grinder hits your ynoxinul.
Your crimson imp hits Grinder.
Your ynoxinul closely misses Grinder.
Grinder gestures at your crimson imp.
Your crimson imp resists with some effort.
Your crimson imp hits Grinder.
Your ynoxinul gestures at Grinder.
The iron shot misses Grinder.
Grinder blinks!
Your crimson imp blinks!
Grinder gestures at your crimson imp.
Your crimson imp suddenly stops moving!
You see here a frilled lizard corpse.
Your ynoxinul gestures.
Grinder blinks!
A bat comes into view.
Your transformation is almost over.
Grinder gestures at your crimson imp.
Your crimson imp resists with some effort.
Your ynoxinul gestures.
Your crimson imp disappears in a puff of smoke!
Your ynoxinul disappears in a puff of smoke!
Your ufetubus disappears in a puff of smoke! x4
Grinder gestures at you. Pain shoots through your body!
You die...
Xom chuckles heartily!

.# #..# )## .#
#.##..# ..### #.#.
##.##..# ....# #...
......## ..#.# #..#
#.##.5<# .##.# #..#
#.##...# .##.#
#..####§.....#
.##.###..##.#§#.§..#
.............§§§b..#
###.###..####5##.).#
#......####.##...#
#.###............#
#.# ##########.#.#
..# ....# ##.# b...#
#.# ...## #.#


You could see Grinder and a bat (asleep).

Vanquished Creatures
  Ijyb (D:3)
  3 adders
  5 ball pythons
  3 bats
  3 endoplasms
  3 giant cockroaches
  6 goblins
  3 hobgoblins
  5 kobolds
  2 quokkas
  2 ball python skeletons (D:2)
  A frilled lizard (D:3)
  4 rats
41 creatures vanquished.

Notes
Turn   | Place    | Note
-------+----------+-------------------------------------------
     0 | D:1      | nickcage the Draconian Conjurer began the quest for the
                  | Orb.
     0 | D:1      | Reached XP level 1. HP: 14/14 MP: 3/3
   416 | D:1      | Reached XP level 2. HP: 10/20 MP: 0/5
   625 | D:1      | Found Zaj Egeq's Jewellery Boutique.
   683 | D:1      | Found a faded altar of an unknown god.
   710 | D:1      | Prayed at the altar of an unknown god.
   710 | D:1      | Became a worshipper of Xom of Chaos
  1323 | D:2      | Reached XP level 3. HP: 22/26 MP: 0/6
  1369 | D:2      | XOM: scenery: summon butterflies
  1524 | D:2      | Reached skill level 5 in Conjurations
  2434 | D:3      | Noticed Ijyb
  2445 | D:3      | XOM: enchant monster (bad)
  2552 | D:2      | Learned a level 2 spell: Searing Ray
  2560 | D:3      | Killed Ijyb
  2561 | D:3      | Reached XP level 4. HP: 29/33 MP: 3/7
  2703 | D:3      | Found Monir's Book Shoppe.
  2716 | D:3      | Noticed Grinder
  2728 | D:3      | XOM: butterfly on damage
  2734 | D:3      | XOM: summons 4 friendly demons
  2754 | D:3      | HP: 1/33 [Grinder/nerve-wracking pain (2)]
  2769 | D:3      | Killed from afar by Grinder

Illustrated notes

Levels and vault maps discovered:
D:1:      denvon_arrival_planthouse, layout_loops_corners,
          ebering_ecumenical_altar_abandoned, serial_shops, nicolae_shop_trees
D:2:      layout_basic, serial_undead, serial_undead_b, serial_undead_e,
          serial_undead_b, serial_undead_a
D:3:      layout_loops_ring, serial_shops, nicolae_shop_crystal, uniq_sigmund,
          uniq_grinder, uniq_ijyb

Skill      XL: |  1  2  3 |
---------------+----------+-----
Conjurations   | 5 |  5.6
Dodging        | |  1.7
Stealth        | |  1.7
Spellcasting   | |  2.5

Action                   |  1- 3 |  4- 6 || total
-------------------------+-------+-------++-------
Melee: Unarmed           |     7 |     3 ||    10
       Whip              |     9 |    10 ||    19
 Cast: Magic Dart        |    69 |    15 ||    84
       Searing Ray       |     1 |       ||     1
Armor: Skin              |     5 |       ||     5
Dodge: Dodged            |    10 |     3 ||    13
